 Dungeon Crawl Stone Soup version 0.29-a0-561-ga02bf68b3c (webtiles) character file.

Game seed: 11624168918259317094

35 KristoblXynda the Slasher (level 3, -1/30 HPs)
             Began as a Draconian Gladiator on June 11, 2022.
             Slain by a jackal (2 damage)
             ... on level 2 of the Dungeon.
             The game lasted 00:01:10 (1187 turns).

KristoblXynda the Slasher (Draconian Gladiator)     Turns: 1187, Time: 00:01:10

Health: -1/30      AC:  5    Str: 15 (18) XL:     3   Next: 17%
Magic:  3/3        EV: 12    Int:  5 (8)  God:
Gold:   18         SH:  0    Dex: 10 (12) Spells: 2/2 levels left

rFire   + . .      SeeInvis .   a - +0 long sword
rCold   + . .      Faith    .   (no shield)
rNeg    . . .      Spirit   .   (body armour unavailable)
rPois   +          Reflect  .   b - +0 hat
rElec   +          Harm     .   (no cloak)
rCorr   +          Rampage  .   (no gloves)
Will    .....                   (no boots)
Stlth   +.........              (no amulet)
HPRegen 0.10/turn               (no ring)
MPRegen 0.08/turn               (no ring)

@: resistant, slowed, very slow
A: AC +5, unfitting armour, cold-blooded
a: no special abilities


You were on level 2 of the Dungeon.
You visited 1 branch of the dungeon, and saw 2 of its levels.

You collected 18 gold pieces.

Inventory:

Hand Weapons
 a - a +0 long sword (weapon)
Missiles
 c - 3 throwing nets (quivered)
 d - a javelin
Armour
 b - a +0 hat (worn)
Scrolls
 g - 3 scrolls of magic mapping {unknown}
Potions
 e - a potion of resistance


   Skills:
 + Level 2.7 Fighting
 * Level 3.5 Long Blades
 - Level 2.0 Throwing
 + Level 3.0 Dodging


You had 2 spell levels left.
You didn't know any spells.
Your spell library was empty.

Dungeon Overview and Level Annotations

Branches:
Dungeon (2/15)

Altars:


Innate Abilities, Weirdness & Mutations

Your plain brown scales are hard. (AC +5)
You cannot fit into any form of body armour.
You are cold-blooded and may be slowed by cold attacks.


Message History

An endoplasm comes into view.
The jackal completely misses you. The jackal closely misses you.
The endoplasm misses you.
The endoplasm quivers.
You slash the endoplasm!
You kill the endoplasm!
The jackal bites you but does no damage.
The jackal closely misses you.
The jackal bites you but does no damage.
The jackal misses you.
You are too injured to fight recklessly!
You are too injured to fight recklessly!
You are too injured to fight recklessly!
You are too injured to fight recklessly!
You miss the jackal.
Your tail-slap misses the jackal.
The jackal bites you.
You barely miss the jackal. The jackal bites you. x2
You barely miss the jackal. The jackal closely misses you.
The endoplasm freezes you.
You are frozen.
* * * LOW HITPOINT WARNING * * *
You feel yourself slow down.
A jackal comes into view.
The jackal barely misses you.
The jackal barks!
The jackal barely misses you. The endoplasm barely misses you.
The jackal misses you. The endoplasm freezes you.
You are frozen.
* * * LOW HITPOINT WARNING * * *
You feel as though you will be slow longer.
It was a potion of resistance.
You feel protected. The jackal misses you. The endoplasm barely misses you.
The jackal bites you.
* * * LOW HITPOINT WARNING * * *
Unknown command.
It was a potion of degeneration.
There was something very wrong with that liquid.
You feel weakened.
You feel dopey.
You feel clumsy. The jackal closely misses you. The endoplasm misses you.
The jackal bites you.
You die...

#.# #.#.###... #.#
#.#.###.## . #.#
##.#.....#
..#########.###.(..#####
#..................#
............###....#
#...........# #....#
#......J...$# #^...#
#......h@...# #....#
.......h.#...#######
.#######.#...# #.##...#
#+##.#.# #....# ##.#.#


You could see an endoplasm and 2 jackals.

Vanquished Creatures
  An adder (D:2)
  A dart slug (D:1)
  A bat (D:1)
  3 endoplasms
  2 goblins (D:1)
  2 hobgoblins (D:1)
  A jackal (D:2)
  4 kobolds
  A quokka (D:1)
  3 ball pythons (D:1)
  3 frilled lizards
  A rat (D:1)
23 creatures vanquished.

Notes
Turn   | Place    | Note
-------+----------+-------------------------------------------
     0 | D:1      | KristoblXynda the Draconian Gladiator began the quest for
                  | the Orb.
     0 | D:1      | Reached XP level 1. HP: 17/17 MP: 1/1
   381 | D:1      | Reached XP level 2. HP: 24/25 MP: 2/2
   978 | D:1      | Found a faded altar of an unknown god.
  1115 | D:2      | Reached XP level 3. HP: 13/30 MP: 3/3
  1186 | D:2      | HP: 1/30 [jackal (1)]
  1187 | D:2      | Slain by a jackal

Illustrated notes

Levels and vault maps discovered:
D:1:      tarquinn_simple_flora_water_d, layout_basic,
          chequers_ecumenical_altar_island
D:2:      layout_basic, basic_altar, uniq_natasha

Skill      XL: |  1  2 |
---------------+-------+-----
Throwing       | 2 |  2.0
Dodging        | 3 |  3.0
Fighting       | |  2.7
Long Blades    | |  3.5

Action                   || total
-------------------------++-------
Melee: Long sword        ||    88
       Tailslap          ||    12
  Use: Potion            ||     2
 Stab: Sleeping          ||     2
Armor: Skin              ||    27
Dodge: Dodged            ||    82

Table legend: (Time is in decaauts)
 A = Elapsed time spent in this place.
 B = Non-inter-level travel time spent in this place.
 C = Inter-level travel time spent in this place.
 D = Time resting spent in this place.
 E = Time spent auto-exploring this place.
 F = Levels seen in this place.
 G = Mean time per level.
                   A        B        C        D        E       F      G
               +--------+--------+--------+--------+--------+-----+--------+
         Total |   1213 |   1171 |     42 |    309 |    674 |   2 |  606.5 |
       Dungeon |   1213 |   1171 |     42 |    309 |    674 |   2 |  606.5 |
               +--------+--------+--------+--------+--------+-----+--------+

Top non-repeatable levels by time:
     D:1: 1093 daAuts
     D:2: 120 daAuts
